 Dungeon Crawl Stone Soup version 0.17-a0-1714-g35622ae (webtiles) character file.

99 kae the Slasher (level 4, -5/39 HPs)
             Began as a Minotaur Fighter on Aug 23, 2015.
             Slain by Sigmund
             ... wielding a +0 scythe
              (6 damage)
             ... on level 2 of the Dungeon.
             The game lasted 00:00:44 (1212 turns).

kae the Slasher (Minotaur Fighter)                  Turns: 1212, Time: 00:00:44

Health: -5/39      AC:  8    Str: 26    XL:     4   Next: 45%
Magic:  3/3        EV:  7    Int:  6    God:
Gold:   64         SH:  9    Dex:  9    Spells: 0 memorised, 3 levels left

rFire  . . .     SeeInvis .     a - +0 long sword
rCold  . . .     Clarity  .     b - +0 scale mail
rNeg   . . .     SustAt   .     c - +0 shield
rPois  .         Gourm    .     (helmet restricted)
rElec  .         Spirit   .     (no cloak)
rCorr  .         Warding  .     p - +0 pair of gloves
rMut   .         Stasis   .     (no boots)
MR     .....                    (no amulet)
Stlth  ..........               (no ring)
                                (no ring)

@: mighty, not resistant to hostile enchantments, extremely unstealthy
A: retaliatory headbutt, horns 2
a: no special abilities


You were on level 2 of the Dungeon.
You were not hungry.

You visited 1 branch of the dungeon, and saw 2 of its levels.

You collected 64 gold pieces.

Inventory:

Hand weapons
 a - a +0 long sword (weapon)
Armour
 b - a +0 scale mail (worn)
 c - a +0 shield (worn)
 p - a +0 pair of gloves (worn)
Jewellery
 g - a cursed ring of teleportation {unknown}
 t - an uncursed ring of fire {unknown}
Scrolls
 f - a scroll of enchant weapon {unknown}
 h - a scroll of immolation {unknown}
 j - 2 scrolls of remove curse {unknown}
 k - a scroll of noise {unknown}
 l - 2 scrolls of random uselessness {unknown}
 n - 2 scrolls of identify {unknown}
 q - a scroll of blinking {unknown}
 r - a scroll of amnesia {unknown}
Potions
 i - a potion of haste {unknown}
 o - a potion of brilliance {unknown}
 s - a potion of degeneration {unknown}
 u - a potion of curing {unknown}
Comestibles
 e - a bread ration
 m - 2 meat rations
 v - a chunk of flesh


   Skills:
 - Level 3.6 Fighting
 + Level 5.7 Long Blades
 - Level 3.6 Armour
 - Level 3.6 Shields


You had 3 spell levels left.
You didn't know any spells.

Dungeon Overview and Level Annotations

Branches:
Dungeon (2/15)

Altars:

Annotations:
D:2 Sigmund


Innate Abilities, Weirdness & Mutations

You reflexively headbutt those who attack you in melee.
You have a pair of horns on your head.


Message History

You hear some strange, mumbled words.
A puff of flame appears from out of thin air!
The puff of flame hits you!
You closely miss something. You block its attack.
You closely miss something. You headbutt something. Something hits you.
You closely miss something. Something hits you but does no damage.
You barely miss something. You headbutt something. Something hits you!
* * * LOW HITPOINT WARNING * * *
You slash something! Something hits you.
* * * LOW HITPOINT WARNING * * *
You closely miss something. Something hits you but does no damage.
You miss something.
Drink which item? (? for menu, Esc to quit)
You feel very mighty all of a sudden.
You hear some strange, mumbled words.
A magic dart appears from out of thin air!
The magic dart hits you!
* * * LOW HITPOINT WARNING * * *
You closely miss something. Something hits you.
You die...

# #.#.# # #.#.# ### #
###.#.## #.. # #......#
#.# # #......# #.# #
#......# #.# # #......#
#.# # #......# #{# #
#####+## #@# # #.## #.#
# #..# #.#
###########..###.#
..............##.#
#######.......##.#######
#.......##.......#
#.......########.#
#.)...#.########.#


There were no monsters in sight!

Vanquished Creatures
  Jessica (D:2)
  3 adders (D:2)
  An ooze (D:1)
  2 giant geckos (D:1)
  3 giant cockroaches (D:1)
  5 goblins
  9 hobgoblins
  3 jackals (D:2)
  2 ball pythons (D:1)
  4 bats
  6 kobolds (D:1)
  4 rats (D:1)
43 creatures vanquished.

Notes
Turn   | Place    | Note
--------------------------------------------------------------
     0 | D:1      | kae the Minotaur Fighter began the quest for the Orb.
     0 | D:1      | Reached XP level 1. HP: 19/19 MP: 0/0
    82 | D:1      | Reached XP level 2. HP: 26/26 MP: 1/1
   229 | D:1      | Reached skill level 4 in Long Blades
   522 | D:1      | Reached XP level 3. HP: 27/31 MP: 2/2
   973 | D:2      | Reached skill level 5 in Long Blades
  1121 | D:2      | Noticed Jessica
  1125 | D:2      | Killed Jessica
  1125 | D:2      | Reached XP level 4. HP: 39/39 MP: 3/3
  1194 | D:2      | Noticed Sigmund
  1211 | D:2      | HP: 1/39 [something/magic dart (8)]
  1212 | D:2      | Slain by Sigmund

Vault maps used:
D:1:      lemuel_arrival_room, minmay_misc_feat_rows
D:2:      uniq_sigmund, uniq_jessica

Action                   |  1- 3 |  4- 6 || total
-------------------------+-------+-------++-------
Melee: Long sword        |   112 |    19 ||   131
  Use: Potion            |       |     1 ||     1
  Eat: Chunk             |       |     1 ||     1
